 Dungeon Crawl Stone Soup version 0.23-a0-730-g0b75920 (console) character file.

41 Voker57 the Slasher (level 3, 0/28 HPs)
             Began as a Demonspawn Gladiator on Jan 17, 2019.
             Succumbed to an adder's poison
             ... on level 2 of the Dungeon.
             The game lasted 00:01:30 (1912 turns).

Voker57 the Slasher (Demonspawn Gladiator)          Turns: 1912, Time: 00:01:31

Health: 0/28       AC:  4    Str: 12 (14) XL:     3   Next: 32%
Magic:  3/3        EV:  8    Int:  6 (9)  God:
Gold:   62         SH: 11    Dex: 14 (15) Spells: 2/2 levels left

rFire    . . .     SeeInvis .   a - +0 long sword
rCold    + . .     Gourm    .   k - +0 large shield
rNeg     . . .     Faith    .   b - +0 leather armour
rPois    .         Spirit   .   c - +0 helmet
rElec    .         Reflect  .   (no cloak)
rCorr    .         Harm     .   (no gloves)
MR       .....                  (no boots)
Stlth    +.........             (no amulet)
HPRegen  0.09/turn              (no ring)
MPRegen  0.08/turn              (no ring)

@: lethally poisoned (0 -> -4)
A: cold resistance 1
a: no special abilities


You were on level 2 of the Dungeon.
You were not hungry.

You visited 1 branch of the dungeon, and saw 2 of its levels.

You collected 62 gold pieces.

Inventory:

Hand Weapons
 a - a +0 long sword (weapon)
Missiles
 d - 2 throwing nets (quivered)
 h - 2 poisoned tomahawks
Armour
 b - a +0 leather armour (worn)
 c - a +0 helmet (worn)
 k - a +0 large shield (worn)
Jewellery
 e - an uncursed ring of protection from fire {unknown}
 j - an uncursed ring of fire {unknown}
Scrolls
 g - a scroll of identify {unknown}
 l - a scroll of amnesia {unknown}
 m - a scroll of random uselessness {unknown}
Potions
 n - a potion of resistance {unknown}
Comestibles
 f - 2 rations


   Skills:
 + Level 2.5 Fighting
 - Level 3.0 Long Blades
 - Level 1.7 Throwing
 + Level 0.8 Armour
 - Level 2.8 Dodging
 * Level 1.3 Shields


You had 2 spell levels left.
You didn't know any spells.
Your spell library was empty.

Dungeon Overview and Level Annotations

Branches:
Dungeon (2/15)

Altars:


Innate Abilities, Weirdness & Mutations

Your flesh is cold resistant. (rC+)


Message History

You feel sick. You block the adder's attack. The adder closely misses you.
You riposte.
You miss the adder.
The adder is severely wounded.
You miss the adder.
The adder is severely wounded.
* * * LOW HITPOINT WARNING * * *
You feel sick. The adder bites you.
* * * LOW HITPOINT WARNING * * *
The adder barely misses you.
Throwing (i - inventory. (/) - cycle)
d - 3 throwing nets (quivered)
Press: ? - help, Shift-Dir - straight line, f - adder
Aim: an adder (severely wounded)
You throw a throwing net. The throwing net hits the adder.
The adder is caught in the net!
The adder is severely wounded.
The adder struggles against the net.
It was a potion of degeneration.
There was something very wrong with that liquid.
You feel weakened.
You feel dopey.
You feel clumsy.
You die...

# #..... .
#.##..... #
#.......# #
......# .
....# # #..#
# #.## +# #
#..# .# #
##S# .#
########
#######@##.#
#.......
...........#
#.......
#.######.#.#
#.......
##+######.#.#
#.......
#(..........#
#.......
#....>...#..#
####.......
#........#..#
#..........
#........#..#
#.#####....
#........#..#
#.# #....
#........##>.
#.# #.#.#


You could see an adder (caught).

Vanquished Creatures
  An adder (D:2)
  A worm (D:2)
  A leopard gecko (D:1)
  2 giant cockroaches
  A goblin (D:2)
  A hobgoblin (D:1)
  2 jackals (D:2)
  5 kobolds (D:1)
  6 bats
  4 frilled lizards (D:1)
  5 rats
29 creatures vanquished.

Notes
Turn   | Place    | Note
-------+----------+-------------------------------------------
     0 | D:1      | Voker57 the Demonspawn Gladiator began the quest for the
                  | Orb.
     0 | D:1      | Reached XP level 1. HP: 16/16 MP: 1/1
   408 | D:1      | Reached skill level 3 in Long Blades
   428 | D:1      | Gained mutation: Your flesh is cold resistant. (rC+)
                  | [demonic ancestry]
   428 | D:1      | Reached XP level 2. HP: 22/22 MP: 2/2
  1397 | D:2      | Reached skill level 1 in Shields
  1397 | D:2      | Reached XP level 3. HP: 23/28 MP: 3/3
  1910 | D:2      | HP: 1/28 [adder (4)]
  1912 | D:2      | Succumbed to an adder's poison

Vault maps used:
D:1:      dpeg_arrival_rhombus, columned_hall_lemuel

Skill      XL: |  1  2 |
---------------+-------+-----
Long Blades    | 3 |  3.0
Shields        | 1 |  1.3
Fighting       | |  2.5
Throwing       | |  1.7
Armour         | |  0.8
Dodging        | |  2.8

Action                   || total
-------------------------++-------
Melee: Long sword        ||   109
Throw: Throwing net      ||     4
  Use: Potion            ||     1
 Stab: Sleeping          ||     2
       Held in net/web   ||     1
  Eat: Ration            ||     1
Armor: Leather armour    ||    36
Dodge: Dodged            ||    45
Block: Large shield      ||    53
       Rpst.: Long sword ||    11

Table legend:
 A = Non-vault XP
 B = Vault XP
 C = Vault XP percentage of total XP
 D = Non-vault monster count
 E = Vault monster count
 F = Vault count percentage of total count
                 A         B        C        D         E       F
            +---------+---------+-------+---------+---------+-------
      Total |      59 |       0 |   0.0 |      29 |       0 |   0.0
            +---------+---------+-------+---------+---------+-------
        D:1 |      28 |       0 |   0.0 |      20 |       0 |   0.0
        D:2 |      31 |       0 |   0.0 |       9 |       0 |   0.0
            +---------+---------+-------+---------+---------+-------
